 Dungeon Crawl Stone Soup version 0.26-a0-662-g8b9c6dab81 (webtiles) character file.

Game seed: 6615775517826591912

72 marklar909 the Digger (level 4, -2/31 HPs)
             Began as a Formicid Earth Elementalist on Oct 10, 2020.
             Slain by an orc warrior
             ... wielding a +0 hand axe
              (18 damage)
             ... on level 3 of the Dungeon.
             The game lasted 00:03:44 (3186 turns).

marklar909 the Digger (Formicid Earth Elementalist) Turns: 3186, Time: 00:03:45

Health: -2/31      AC:  4    Str: 12    XL:     4   Next: 48%
Magic:  1/8        EV: 12    Int: 15    God:
Gold:   134        SH:  0    Dex: 12    Spells: 4/8 levels left

rFire    . . .     SeeInvis +   (no weapon)
rCold    . . .     Faith    .   (no shield)
rNeg     . . .     Spirit   .   h - +0 leather armour
rPois    .         Reflect  .   (helmet unavailable)
rElec    .         Harm     .   n - +0 cloak
rCorr    .         Rampage  .   (no gloves)
MR       .....                  (no boots)
Stlth    ++........             (no amulet)
HPRegen  0.10/turn              (no ring)
MPRegen  0.11/turn              (no ring)

@: no status effects
A: permanent stasis, dig shafts and tunnels, four strong arms, antennae 3
a: Dig, Shaft Self


You were on level 3 of the Dungeon.
You visited 1 branch of the dungeon, and saw 3 of its levels.

You collected 134 gold pieces.

Inventory:

Missiles
 b - 64 stones (quivered)
 p - 23 bolts
Armour
 c - a cursed +0 robe
 h - a +0 leather armour (worn)
 l - a cursed +0 leather armour
 n - a +0 cloak (worn)
Jewellery
 e - an uncursed ring of positive energy {unknown}
 k - a cursed -4 ring of dexterity {unknown}
Scrolls
 a - 3 scrolls of identify {unknown}
 f - a scroll of enchant weapon {unknown}
 j - a scroll of remove curse {unknown}
 q - a scroll of immolation {unknown}
 r - a scroll of noise {unknown}
Potions
 d - a potion of haste {unknown}
 g - a potion of curing {unknown}
 i - 3 potions of lignification {unknown}
 m - a potion of degeneration {unknown}
 o - 2 potions of brilliance {unknown}
 s - a potion of ambrosia {unknown}


   Skills:
 * Level 0.9 Fighting
 * Level 1.3 Armour
 + Level 2.0 Dodging
 + Level 2.6 Stealth
 + Level 2.7 Spellcasting
 * Level 0.7 Conjurations
   Level 1.1 Transmutations
 * Level 4.5 Earth Magic


You had 4 spell levels left.
You knew the following spells:

 Your Spells              Type           Power        Failure   Level
a - Sandblast             Erth           ###...       4%          1
b - Stone Arrow           Conj/Erth      ##....       26%         3

Your spell library contained the following spells:

 Spells                   Type           Power        Failure   Level
 Passwall                 Tmut/Erth      ##......     12%         2
 Petrify                  Tmut/Erth      ##......     63%         4
 Lee's Rapid Deconstruct  Erth           ###.......   73%         5


Dungeon Overview and Level Annotations

Branches:
Dungeon (3/15)

Altars:
Nemelex Xobeh


Innate Abilities, Weirdness & Mutations

You cannot be hasted, slowed, berserked, paralysed or teleported.
You can dig through walls and to a lower floor.
Your four strong arms can wield two-handed weapons with a shield.
You have a pair of large antennae on your head. (SInv)


Message History

Confirm with . or Enter, or press ? or * to list all spells.
Aiming: Sandblast (safe; 4% risk of failure)
Press: ? - help, Shift-Dir - straight line, f/p - orc warrior
Aim: an orc warrior, wielding a +0 hand axe and wearing a +0 plate armour (moderately wounded)
The blast of sand hits the orc warrior.
The orc warrior is heavily wounded.
b - 65 stones The orc warrior hits you with a +0 hand axe.
Unknown command.
Casting: Sandblast (safe; 4% risk of failure)
Confirm with . or Enter, or press ? or * to list all spells.
Aiming: Sandblast (safe; 4% risk of failure)
Press: ? - help, Shift-Dir - straight line, f/p - orc warrior
Aim: an orc warrior, wielding a +0 hand axe and wearing a +0 plate armour (heavily wounded)
The blast of sand hits the orc warrior but does no damage.
The orc warrior is heavily wounded.
b - 64 stones The orc warrior hits you with a +0 hand axe!!
Ouch! That really hurt!
You die...

##########
##.........
#.#..###### #.
###.#.....# ....
#..o#.o...######....
#..@#.{.........#...
#...#<...######.#.#.
###.....<..)..(.....
#....#####........
#........#........ {
#...####.#{.....##
#...####.#{....##{
#....o..o{.....#
#.......{......#


You could see an orc warrior.

Vanquished Creatures
  3 adders
  A worm (D:2)
  A dart slug (D:1)
  A leopard gecko (D:2)
  An orc (D:3)
  A giant cockroach (D:3)
  7 goblins (D:1)
  9 hobgoblins
  3 jackals (D:3)
  4 kobolds
  2 bats
  2 frilled lizards (D:2)
  A rat (D:2)
36 creatures vanquished.

Vanquished Creatures (others)
  5 toadstools (D:1)
5 creatures vanquished.

Grand Total: 41 creatures vanquished

Notes
Turn   | Place    | Note
-------+----------+-------------------------------------------
     0 | D:1      | marklar909 the Formicid Earth Elementalist began the quest
                  | for the Orb.
     0 | D:1      | Reached XP level 1. HP: 13/13 MP: 3/3
   102 | D:1      | Reached skill level 4 in Earth Magic
   117 | D:1      | Reached XP level 2. HP: 14/19 MP: 0/5
   966 | D:1      | Reached XP level 3. HP: 24/24 MP: 4/6
  1327 | D:2      | Reached skill level 1 in Armour
  1485 | D:2      | Learned a level 3 spell: Stone Arrow
  2169 | D:2      | Found a sparkling altar of Nemelex Xobeh.
  2335 | D:3      | Reached XP level 4. HP: 28/31 MP: 3/8
  2433 | D:3      | Noticed an orc warrior
  2812 | D:3      | HP: 1/31 [orc warrior/+0 hand axe (16)]
  3186 | D:3      | Slain by an orc warrior

Illustrated notes

Levels and vault maps discovered:
D:1:      ldierk_walled_garden, layout_rooms, minmay_misc_feat_roman,
          hex_intersection, minmay_misc_feat_secret_circle,
          serial_bayou_crossing
D:2:      layout_basic, marbit_many_paths
D:3:      layout_basic, grunt_temple_overflow_open,
          nicolae_overflow_crystal_walls, grunt_temple_overflow_diamond,
          gup_sewer_entry_bubbles

Skill      XL: |  1  2  3  4 |
---------------+-------------+-----
Earth Magic    | 4 |  4.5
Armour         | 1 |  1.3
Dodging        | 2 |  2.0
Fighting       | |  0.9
Stealth        | |  2.6
Spellcasting   | |  2.7
Conjurations   | |  0.7
Transmutations | |  1.1

Action                   |  1- 3 |  4- 6 || total
-------------------------+-------+-------++-------
Melee: Unarmed           |     7 |       ||     7
 Cast: Sandblast         |    52 |    26 ||    78
Armor: Robe              |     5 |       ||     5
       Leather armour    |     1 |       ||     1
Dodge: Dodged            |    28 |     9 ||    37

Table legend: (Time is in decaauts)
 A = Elapsed time spent in this place.
 B = Non-inter-level travel time spent in this place.
 C = Inter-level travel time spent in this place.
 D = Time resting spent in this place.
 E = Time spent auto-exploring this place.
 F = Levels seen in this place.
 G = Mean time per level.
                   A        B        C        D        E       F      G
               +--------+--------+--------+--------+--------+-----+--------+
         Total |   3196 |   2992 |    204 |    601 |   2029 |   3 | 1065.3 |
       Dungeon |   3196 |   2992 |    204 |    601 |   2029 |   3 | 1065.3 |
               +--------+--------+--------+--------+--------+-----+--------+

Top non-repeatable levels by time:
     D:2: 1676 daAuts
     D:1: 1262 daAuts
     D:3: 257 daAuts
